cohdb
Replays
Latest Replays
All Replays
Popular Replays
Top Player Replays
Match Explorer
How It Works
Community
CoH3 Stats
Reddit
Sign in to upload your games and track your stats! →
Sign in with Steam
Match 44884869
Unlisted
Match 44884869
Overview
Messages
Build Orders
End
Construct Infanterie Kompanie
Selects Terror Battlegroup
Selects Machine Gun Camouflage
MG 42 Machine Gun Team
Grenadier Squad
Grenadier Squad
GrW 34 Mortar Team
Medical Bunker
Construct Luftwaffe Kompanie
Jäger Squad
Selects Contempt for the Weak
Jäger Squad
Selects Propaganda Leaflet Drop
Construct Panzer Kompanie
Sturmpanzer IV Brummbär
Jäger Squad
Panzer IV Medium Tank
Selects V1 Rocket Strike
Medical Station
V1 Rocket Strike
Panzer IV Medium Tank
Panzer IV Medium Tank
Jäger Squad
Selects No Quarter
V1 Rocket Strike
Panzer IV Medium Tank
Panzer IV Medium Tank
Pioneer Squad
Jäger Squad
Selects King Tiger Heavy Tank
Jäger Squad
Dirne
Joraad
maclewando86
Bergmeister88
Reaper_Krew92
Hou3eLANisterP8U
White Rabbit
=B52F=|Mòzªmßiquë{General}
0
0
Comments
sign in to comment!
No comments posted yet!